AoeStats
← Oldspice

African Clearing

505342816Analyzed
2v2 RM · 24d ago on Sep 9, 2026· 45m 9s· 4 players
Game mode
Random Map
Map size
Medium (4 player)
Population
200
Speed
Normal
Resources
Standard
Victory
Conquest
Starting age
Dark Age
Ending age
Imperial Age
RankedLock teamsTeams togetherTeam positionsShared explorationLock speedFull tech treeHidden civsTurbo modeCheats
Victory
Defeat
🇨🇦 Hindustanis · Canada
1506
+14
🇺🇸 Ethiopians · United States
1497
+14
🇦🇷 Teutons · Argentina
1467
-14
🇧🇷 Huns · Brazil
1461
-14
UsK_Apocalipce
8:54 Loom
11:30 Feudal Age
12:08 Double-Bit Axe
12:06 Horse Collar
21:54 Wheelbarrow
21:46 Bloodlines
21:43 Scale Barding Armor
24:58 Forging
25:39 Fletching
29:29 Castle Age
29:38 Gold Mining
29:29 Light Cavalry
30:31 Chain Barding Armor
30:23 Bow Saw
33:23 Iron Casting
34:14 Husbandry
39:49 Bodkin Arrow
40:16 Padded Archer Armor
41:47 Leather Archer Armor
43:42 Ballistics
Puma
3:53 Loom
12:12 Feudal Age
13:04 Double-Bit Axe
14:52 Horse Collar
15:14 Fletching
19:42 Wheelbarrow
19:31 Padded Archer Armor
25:54 Castle Age
26:34 Bodkin Arrow
26:00 Elite Skirmisher
26:02 Crossbowman
29:22 Bow Saw
32:55 Town Watch
36:15 Bloodlines
36:35 Scale Barding Armor
37:39 Forging
38:08 Stone Mining
38:44 Chain Barding Armor
39:16 Gold Mining
Oldspice
12:48 Feudal Age
13:08 Loom
14:14 Double-Bit Axe
14:26 Fletching
14:59 Horse Collar
22:27 Gold Mining
26:23 Castle Age
26:25 Crossbowman
27:01 Bodkin Arrow
27:14 Thumb Ring
28:09 Ballistics
31:25 Padded Archer Armor
33:52 Wheelbarrow
33:59 Stone Mining
42:06 Imperial Age
41:11 Hand Cart
40:51 Town Watch
42:12 Arbalester
43:06 Bracer
42:45 Capped Ram
45:25 Chemistry
IVIUSTANG
5:02 Loom
13:23 Feudal Age
13:55 Double-Bit Axe
16:09 Forging
17:10 Scale Barding Armor
24:20 Wheelbarrow
24:31 Bloodlines
27:49 Castle Age
29:33 Light Cavalry
30:13 Husbandry
32:09 Fletching
32:23 Horse Collar
33:55 Bow Saw
34:16 Town Watch
36:45 Husbandry
37:33 Gold Mining
38:04 Hand Cart
43:42 Scale Mail Armor
43:44 Squires
43:29 Arson
Connection lost

Rejoining the realm…

Still unreachable

The connection could not be restored.

Session expired

The server has moved on; the page needs a fresh start.